Oilers vs Flames

Created - October 20, 2015 at 17:17

Goals
1 2 3 T
Oilers 0 1 2 3
Flames 0 1 1 2
Shots
1 2 3 T
Oilers 14 5 14 33
Flames 8 20 7 35

1st period

No Goal

Penalties :
Ryane Clowe (CGY) for Interference (Minor) at 1:24, Erik Johnson (CGY) for Cross-checking (Minor) at 9:00, Ryane Clowe (CGY) for Holding (Minor) at 18:21

2nd period

1. Oilers , Gabriel Landeskog 3 (Marc Methot, Ryan Kesler) at 0:14 (PP)
2. Flames , Mike Cammalleri 2 (Patrik Elias, Erik Johnson) at 13:12

Penalties :
Antoine Vermette (EDM) for Hooking (Minor) at 1:17, Brian Campbell (EDM) for Hooking (Minor) at 10:15, Kari Lehtonen (EDM) for Slashing (Minor) at 17:38 - Justin Williams served the penalty.

3rd period

3. Oilers , Justin Williams 2 (Tyler Bozak) at 14:45
4. Oilers , Aleksander Barkov 1 (Drew Miller, Kyle Quincey) at 18:33
5. Flames , Justin Faulk 2 (Erik Johnson, Mike Cammalleri) at 19:52 (PP)

Penalties :
Bobby Ryan (CGY) for Interference (Minor) at 4:37, Bobby Ryan (CGY) for Slashing (Minor) at 8:54, Marc Methot (EDM) for Boarding (Minor) at 19:42

Goalie Stats

Kari Lehtonen (EDM), 33 saves from 35 shots - (0.943), W, 4-1-1, 60:00 minutes
Jonathan Quick (CGY), 30 saves from 33 shots - (0.909), L, 1-6-1, 60:00 minutes

Players Stats for Oilers

Player Name              G  A  P  +/- PIM S  H  SB GA TA FO     MP     PP MP  PK MP  
------------------------------------------------------------------------------------
Aleksander Barkov        1  0  1   1  0   2  0  0  0  0  8/13    8:30   0:00   0:09 
Alex Petrovic            0  0  0   1  0   2  0  0  0  0  0/0    10:53   0:00   1:47 
Antoine Vermette         0  0  0   1  2   2  1  0  0  0  0/1    17:31   4:58   0:00 
Bo Horvat                0  0  0  -1  0   0  0  0  0  0  2/5     6:12   0:00   0:00 
Brian Campbell           0  0  0   0  2   0  2  0  0  0  0/0    23:53   4:14   1:52 
Drew Miller              0  1  1   1  0   1  0  0  0  0  2/2    11:25   0:00   3:04 
Emerson Etem             0  0  0  -1  0   0  0  0  0  0  0/0     6:12   0:00   0:00 
Gabriel Landeskog        1  0  1   0  0   4  2  0  0  0  2/4    24:37   4:51   2:49 
Justin Williams          1  0  1   1  0   4  0  0  0  0  1/3    17:32   4:58   0:00 
Kyle Quincey             0  1  1   0  0   2  0  2  0  0  0/0    13:04   0:00   3:00 
Marc Methot              0  1  1   0  2   1  1  1  0  0  0/0    24:58   5:35   2:14 
Marc-Edouard Vlasic      0  0  0   1  0   3  0  1  0  0  0/0    25:05   4:14   3:21 
Marco Scandella          0  0  0   0  0   3  0  1  0  0  0/0    22:05   5:35   0:00 
Mikkel Boedker           0  0  0   0  0   2  0  0  0  0  0/0    21:48   4:51   0:00 
Nail Yakupov             0  0  0  -1  0   0  0  0  0  0  0/1     6:39   0:00   0:27 
Ryan Kesler              0  1  1   0  0   1  4  0  0  0  28/41  24:37   4:51   2:49 
Scottie Upshall          0  0  0   1  0   3  1  0  0  0  0/0     8:21   0:00   0:00 
Tyler Bozak              0  1  1   1  0   3  1  1  0  0  20/31  20:28   4:58   2:56 

Players Stats for Flames

Player Name              G  A  P  +/- PIM S  H  SB GA TA FO     MP     PP MP  PK MP  
------------------------------------------------------------------------------------
Alex Tanguay             0  0  0   0  0   6  1  0  0  0  0/3    26:25   3:26   6:57 
Andrew MacDonald         0  0  0   1  0   1  0  0  0  0  0/0     1:21   0:00   0:00 
Andrew Miller            0  0  0   0  0   1  0  0  0  0  4/13   10:33   0:00   0:00 
Bobby Ryan               0  0  0   0  4   0  4  0  0  0  10/40  22:59   3:26   3:55 
Drew Shore               0  0  0   0  0   0  0  0  0  0  0/0     1:24   0:00   1:24 
Erik Johnson             0  2  2   1  2   4  3  2  0  0  0/0    26:01   2:52   4:22 
Jack Johnson             0  0  0  -1  0   0  3  1  0  0  0/0    22:48   3:15   4:13 
Jared Spurgeon           0  0  0  -1  0   0  0  2  0  0  0/0    22:48   3:15   4:13 
Justin Faulk             1  0  1   0  0   4  2  1  0  0  0/0    25:55   2:52   5:36 
Kyle Clifford            0  0  0   0  0   0  4  0  0  0  0/3    11:07   0:00   0:34 
Ladislav Smid            0  0  0   0  0   0  0  0  0  0  0/0     0:00   0:00   0:00 
Mason Raymond            0  0  0   0  0   2  0  0  0  0  0/0    15:40   0:00   0:00 
Matt Cullen              0  0  0   0  0   1  0  0  0  0  3/5    15:49   3:26   2:12 
Mike Cammalleri          1  1  2  -1  0   9  0  0  0  0  17/31  22:50   2:41   2:18 
Patrik Elias             0  1  1  -1  0   3  0  0  0  0  1/2    22:50   2:41   2:18 
Ryane Clowe              0  0  0  -1  4   4  1  0  0  0  3/4    20:30   2:41   0:00 
Stephane Robidas         0  0  0  -1  0   0  1  0  0  0  0/0    11:10   0:00   1:14 
Thomas Hickey            0  0  0  -1  0   0  2  1  0  0  0/0     9:56   0:00   0:00 

3 Stars

1 - Erik Johnson (CGY)
2 - Justin Faulk (CGY)
3 - Kari Lehtonen (EDM)

Power Play

Oilers - 1 on 5 Attempt(s) - 20.00%
Flames - 1 on 4 Attempt(s) - 25.00%

Penalty Kill

Oilers - 3 on 4 Attempt(s) - 75.00% - Score 0 goal in Penalty Kill
Flames - 4 on 5 Attempt(s) - 80.00% - Score 0 goal in Penalty Kill

Team Stat

Oilers - Hits : 12 - Faceoff Wins : 63 - Blocked Shots : 6 - Penalty Minutes : 6
Flames - Hits : 21 - Faceoff Wins : 38 - Blocked Shots : 7 - Penalty Minutes : 10

Official

Referees : Justin St. Pierre and Wes McCauley
Linesman : Darren Gibbs and Tim Nowak

Game Notes

No Game Note

Finance

Level 1 -- Attendance: 5538 (85.20%) -- Ticket Income $609,180
Level 2 -- Attendance: 5000 (100.00%) -- Ticket Income $375,000
Level 3 -- Attendance: 3256 (93.03%) -- Ticket Income $195,360
Level 4 -- Attendance: 2698 (82.03%) -- Ticket Income $107,920
Luxury Box -- Attendance: 896 (89.60%) -- Ticket Income $179,200
Game was played at the Scotiabank Saddledome.
Total Attendance: 17388 (90.14%)
Total Ticket Income: $1,466,660
Other Income: $219,999
Total Income: $1,686,659

% Time on Ice - Oilers

Lines # - Real PCT - Wanted PCT - Time Play
Normal Forward
1 - 38% - 40% - 16:50
2 - 29% - 30% - 12:34
3 - 19% - 20% - 8:21
4 - 14% - 10% - 6:12
Normal Defense
1 - 37% - 35% - 16:23
2 - 41% - 35% - 17:48
3 - 21% - 20% - 9:06
4 - 2% - 10% - 0:40
PP Forward
1 - 49% - 60% - 4:51
2 - 51% - 40% - 4:58
PP Defense
1 - 57% - 60% - 5:35
2 - 43% - 40% - 4:14
PK Forward
1 - 46% - 50% - 2:49
2 - 54% - 50% - 3:18
PK Defense
1 - 39% - 50% - 2:24
2 - 61% - 50% - 3:43
PK3 Forward
1 - 0% - 50%
2 - 0% - 50%
PK3 Defense
1 - 0% - 50%
2 - 0% - 50%
44 Forward
1 - 0% - 50%
2 - 0% - 50%
44 Defense
1 - 0% - 50%
2 - 0% - 50%
Last Minute Offensive  - 0:00
Last Minute Defensive  - 0:07
Total
Forward - 60:00
Defense - 60:00

% Time on Ice - Flames

Lines # - Real PCT - Wanted PCT - Time Play
Normal Forward
1 - 35% - 40% - 15:33
2 - 41% - 33% - 17:51
3 - 24% - 20% - 10:33
4 - 0% - 7% - 0:00
Normal Defense
1 - 39% - 40% - 17:20
2 - 35% - 30% - 15:20
3 - 23% - 20% - 9:56
4 - 3% - 10% - 1:21
PP Forward
1 - 56% - 60% - 3:26
2 - 44% - 40% - 2:41
PP Defense
1 - 47% - 60% - 2:52
2 - 53% - 40% - 3:15
PK Forward
1 - 77% - 60% - 7:31
2 - 23% - 40% - 2:18
PK Defense
1 - 57% - 60% - 5:36
2 - 43% - 40% - 4:13
PK3 Forward
1 - 0% - 60%
2 - 0% - 40%
PK3 Defense
1 - 0% - 60%
2 - 0% - 40%
44 Forward
1 - 0% - 60%
2 - 0% - 40%
44 Defense
1 - 0% - 60%
2 - 0% - 40%
Last Minute Offensive  - 0:07
Last Minute Defensive  - 0:00
Total
Forward - 60:00
Defense - 60:00

Play by Play

1st period


0:01 of 1st period - Ryan Kesler wins face-off versus Bobby Ryan in neutral zone.
0:01 of 1st period - Ryan Kesler is hit by Bobby Ryan.
0:04 of 1st period - Mikkel Boedker is hit by Justin Faulk and loses puck.
0:37 of 1st period - Shot by Bobby Ryan.
0:37 of 1st period - Shot Misses the Net.
0:39 of 1st period - Shot by Mason Raymond.
0:39 of 1st period - Stopped by Kari Lehtonen without a rebound.
0:40 of 1st period - Mike Cammalleri wins face-off versus Tyler Bozak in Oilers zone.
0:57 of 1st period - Shot by Tyler Bozak.
0:57 of 1st period - Stopped by Jonathan Quick without a rebound.
0:58 of 1st period - Andrew Miller wins face-off versus Aleksander Barkov in Flames zone.
0:58 of 1st period - Andrew Miller is hit by Scottie Upshall.
1:10 of 1st period - Shot by Andrew Miller.
1:10 of 1st period - Shot Misses the Net.
1:15 of 1st period - Aleksander Barkov is hit by Stephane Robidas and loses puck.
1:18 of 1st period - Shot by Kyle Quincey.
1:18 of 1st period - Stopped by Jonathan Quick without a rebound.
1:19 of 1st period - Mike Cammalleri wins face-off versus Bo Horvat in Flames zone.
1:24 of 1st period - Minor Penalty to Ryane Clowe for Interference.
1:25 of 1st period - Bobby Ryan wins face-off versus Ryan Kesler in Flames zone.
1:40 of 1st period - Shot by Gabriel Landeskog.
1:40 of 1st period - Shot Misses the Net.
1:42 of 1st period - Shot by Marco Scandella.
1:42 of 1st period - Shot Misses the Net.
1:44 of 1st period - Shot by Marco Scandella.
1:44 of 1st period - Stopped by Jonathan Quick without a rebound.
1:45 of 1st period - Mike Cammalleri wins face-off versus Tyler Bozak in Flames zone.
1:55 of 1st period - Tyler Bozak is hit by Erik Johnson and loses puck.
2:08 of 1st period - Shot by Antoine Vermette.
2:08 of 1st period - Shot Misses the Net.
2:21 of 1st period - Icing by Brian Campbell.
2:22 of 1st period - Tyler Bozak wins face-off versus Bobby Ryan in Oilers zone.
3:12 of 1st period - Shot by Mikkel Boedker.
3:12 of 1st period - Stopped by Jonathan Quick without a rebound.
3:13 of 1st period - Ryan Kesler wins face-off versus Bobby Ryan in Flames zone.
3:22 of 1st period - Shot by Ryan Kesler.
3:22 of 1st period - Stopped by Jonathan Quick without a rebound.
3:23 of 1st period - Gabriel Landeskog wins face-off versus Bobby Ryan in Flames zone.
3:46 of 1st period - Shot by Aleksander Barkov.
3:46 of 1st period - Deflect By Scottie Upshall.
3:46 of 1st period - Shot Misses the Net.
3:50 of 1st period - Shot by Aleksander Barkov.
3:50 of 1st period - Shot Blocked by Jack Johnson.
3:52 of 1st period - Shot by Kyle Quincey.
3:52 of 1st period - Shot Misses the Net.
3:54 of 1st period - Shot by Scottie Upshall.
3:54 of 1st period - Stopped by Jonathan Quick without a rebound.
3:55 of 1st period - Ryan Kesler wins face-off versus Bobby Ryan in Flames zone.
4:01 of 1st period - Off-side.
4:02 of 1st period - Bobby Ryan wins face-off versus Justin Williams in neutral zone.
4:05 of 1st period - Antoine Vermette is hit by Justin Faulk.
5:15 of 1st period - Shot by Patrik Elias.
5:15 of 1st period - Stopped by Kari Lehtonen without a rebound.
5:16 of 1st period - Ryan Kesler wins face-off versus Andrew Miller in Oilers zone.
5:30 of 1st period - Thomas Hickey is hit by Ryan Kesler and loses puck.
5:51 of 1st period - Shot by Matt Cullen.
5:51 of 1st period - Stopped by Kari Lehtonen without a rebound.
5:52 of 1st period - Mike Cammalleri wins face-off versus Bo Horvat in Oilers zone.
6:54 of 1st period - Shot by Aleksander Barkov.
6:54 of 1st period - Shot Misses the Net.
8:23 of 1st period - Icing by Gabriel Landeskog.
8:24 of 1st period - Ryan Kesler wins face-off versus Mike Cammalleri in Oilers zone.
8:26 of 1st period - Icing by Gabriel Landeskog.
8:27 of 1st period - Mike Cammalleri wins face-off versus Ryan Kesler in Oilers zone.
9:00 of 1st period - Minor Penalty to Erik Johnson for Cross-checking.
9:01 of 1st period - Tyler Bozak wins face-off versus Bobby Ryan in Flames zone.
9:52 of 1st period - Icing by Mikkel Boedker.
9:53 of 1st period - Mike Cammalleri wins face-off versus Gabriel Landeskog in Oilers zone.
10:04 of 1st period - Shot by Mike Cammalleri.
10:04 of 1st period - Stopped by Kari Lehtonen without a rebound.
10:05 of 1st period - Ryan Kesler wins face-off versus Bobby Ryan in Oilers zone.
10:12 of 1st period - Shot by Marc-Edouard Vlasic.
10:12 of 1st period - Shot Misses the Net.
11:04 of 1st period - Shot by Kyle Quincey.
11:04 of 1st period - Stopped by Jonathan Quick without a rebound.
11:05 of 1st period - Aleksander Barkov wins face-off versus Mike Cammalleri in Flames zone.
11:08 of 1st period - Shot by Drew Miller.
11:08 of 1st period - Stopped by Jonathan Quick with a rebound.
11:18 of 1st period - Shot by Scottie Upshall.
11:18 of 1st period - Stopped by Jonathan Quick without a rebound.
11:19 of 1st period - Tyler Bozak wins face-off versus Kyle Clifford in Flames zone.
11:19 of 1st period - Tyler Bozak is hit by Erik Johnson.
11:28 of 1st period - Shot by Tyler Bozak.
11:28 of 1st period - Shot Misses the Net.
11:30 of 1st period - Shot by Marco Scandella.
11:30 of 1st period - Stopped by Jonathan Quick without a rebound.
11:31 of 1st period - Mike Cammalleri wins face-off versus Ryan Kesler in Flames zone.
11:57 of 1st period - Icing by Jack Johnson.
11:58 of 1st period - Ryane Clowe wins face-off versus Tyler Bozak in Flames zone.
12:11 of 1st period - Shot by Antoine Vermette.
12:11 of 1st period - Shot Misses the Net.
12:23 of 1st period - Shot by Patrik Elias.
12:23 of 1st period - Stopped by Kari Lehtonen with a rebound.
12:48 of 1st period - Shot by Alex Tanguay.
12:48 of 1st period - Shot Misses the Net.
13:10 of 1st period - Shot by Alex Tanguay.
13:10 of 1st period - Shot Blocked by Marco Scandella.
13:46 of 1st period - Gabriel Landeskog is hit by Thomas Hickey.
14:08 of 1st period - Shot by Andrew Miller.
14:08 of 1st period - Stopped by Kari Lehtonen without a rebound.
14:09 of 1st period - Aleksander Barkov wins face-off versus Ryane Clowe in Oilers zone.
14:17 of 1st period - Icing by Mike Cammalleri.
14:18 of 1st period - Bo Horvat wins face-off versus Mike Cammalleri in Flames zone.
14:18 of 1st period - Bo Horvat is hit by Jack Johnson.
14:52 of 1st period - Shot by Mike Cammalleri.
14:52 of 1st period - Stopped by Kari Lehtonen without a rebound.
14:53 of 1st period - Ryan Kesler wins face-off versus Bobby Ryan in Oilers zone.
15:26 of 1st period - Shot by Gabriel Landeskog.
15:26 of 1st period - Shot Misses the Net.
15:28 of 1st period - Shot by Ryan Kesler.
15:28 of 1st period - Shot Misses the Net.
15:30 of 1st period - Shot by Gabriel Landeskog.
15:30 of 1st period - Stopped by Jonathan Quick without a rebound.
15:31 of 1st period - Aleksander Barkov wins face-off versus Kyle Clifford in Flames zone.
15:36 of 1st period - Shot by Alex Petrovic.
15:36 of 1st period - Stopped by Jonathan Quick without a rebound.
15:37 of 1st period - Andrew Miller wins face-off versus Tyler Bozak in Flames zone.
15:49 of 1st period - Stephane Robidas is hit by Antoine Vermette and loses puck.
16:26 of 1st period - Icing by Marc Methot.
16:27 of 1st period - Tyler Bozak wins face-off versus Bobby Ryan in Oilers zone.
16:46 of 1st period - Icing by Marc-Edouard Vlasic.
16:47 of 1st period - Ryan Kesler wins face-off versus Mike Cammalleri in Oilers zone.
17:06 of 1st period - Shot by Ryane Clowe.
17:06 of 1st period - Stopped by Kari Lehtonen without a rebound.
17:07 of 1st period - Aleksander Barkov wins face-off versus Bobby Ryan in Oilers zone.
17:16 of 1st period - Icing by Aleksander Barkov.
17:17 of 1st period - Drew Miller wins face-off versus Bobby Ryan in Oilers zone.
17:17 of 1st period - Drew Miller is hit by Bobby Ryan.
17:25 of 1st period - Shot by Aleksander Barkov.
17:25 of 1st period - Shot Misses the Net.
17:27 of 1st period - Shot by Aleksander Barkov.
17:27 of 1st period - Shot Hit the Post.
17:41 of 1st period - Shot by Aleksander Barkov.
17:41 of 1st period - Deflect By Scottie Upshall.
17:41 of 1st period - Stopped by Jonathan Quick without a rebound.
17:42 of 1st period - Patrik Elias wins face-off versus Ryan Kesler in Flames zone.
17:42 of 1st period - Patrik Elias is hit by Ryan Kesler.
18:21 of 1st period - Minor Penalty to Ryane Clowe for Holding.
18:22 of 1st period - Tyler Bozak wins face-off versus Bobby Ryan in Flames zone.
18:31 of 1st period - Shot by Justin Williams.
18:31 of 1st period - Stopped by Jonathan Quick without a rebound.
18:32 of 1st period - Bobby Ryan wins face-off versus Tyler Bozak in Flames zone.
Goals for this period are 0 for Oilers vs 0 for Flames.
Shots for this period are 14 for Oilers vs 8 for Flames.

2nd period


0:01 of 2nd period - Ryan Kesler wins face-off versus Bobby Ryan in neutral zone.
0:12 of 2nd period - Shot by Marc Methot.
0:12 of 2nd period - Shot Misses the Net.
0:14 of 2nd period - Shot by Gabriel Landeskog.
0:14 of 2nd period - Goal by Gabriel Landeskog - Oilers : 1 - Flames : 0.
0:15 of 2nd period - Mike Cammalleri wins face-off versus Tyler Bozak in neutral zone.
0:30 of 2nd period - Icing by Marc-Edouard Vlasic.
0:31 of 2nd period - Tyler Bozak wins face-off versus Bobby Ryan in Oilers zone.
1:05 of 2nd period - Mason Raymond is hit by Brian Campbell and loses puck.
1:15 of 2nd period - Justin Williams is hit by Erik Johnson and loses puck.
1:17 of 2nd period - Minor Penalty to Antoine Vermette for Hooking.
1:18 of 2nd period - Mike Cammalleri wins face-off versus Ryan Kesler in Oilers zone.
1:27 of 2nd period - Shot by Mike Cammalleri.
1:27 of 2nd period - Stopped by Kari Lehtonen without a rebound.
1:28 of 2nd period - Ryan Kesler wins face-off versus Mike Cammalleri in Oilers zone.
1:34 of 2nd period - Icing by Jared Spurgeon.
1:35 of 2nd period - Ryan Kesler wins face-off versus Mike Cammalleri in Flames zone.
1:54 of 2nd period - Shot by Mike Cammalleri.
1:54 of 2nd period - Stopped by Kari Lehtonen without a rebound.
1:55 of 2nd period - Bobby Ryan wins face-off versus Tyler Bozak in Oilers zone.
2:00 of 2nd period - Shot by Matt Cullen.
2:00 of 2nd period - Shot Blocked by Marc Methot.
2:38 of 2nd period - Shot by Bobby Ryan.
2:38 of 2nd period - Deflect By Alex Tanguay.
2:38 of 2nd period - Shot Misses the Net.
2:40 of 2nd period - Shot by Erik Johnson.
2:40 of 2nd period - Shot Misses the Net.
3:12 of 2nd period - Shot by Mike Cammalleri.
3:12 of 2nd period - Shot Misses the Net.
3:14 of 2nd period - Shot by Patrik Elias.
3:14 of 2nd period - Shot Misses the Net.
3:16 of 2nd period - Shot by Jared Spurgeon.
3:16 of 2nd period - Shot Misses the Net.
4:17 of 2nd period - Shot by Andrew MacDonald.
4:17 of 2nd period - Stopped by Kari Lehtonen without a rebound.
4:18 of 2nd period - Mike Cammalleri wins face-off versus Aleksander Barkov in Oilers zone.
4:21 of 2nd period - Shot by Mike Cammalleri.
4:21 of 2nd period - Shot Blocked by Kyle Quincey.
4:57 of 2nd period - Shot by Drew Miller.
4:57 of 2nd period - Shot Misses the Net.
5:38 of 2nd period - Shot by Gabriel Landeskog.
5:38 of 2nd period - Shot Misses the Net.
6:05 of 2nd period - Icing by Marc Methot.
6:06 of 2nd period - Tyler Bozak wins face-off versus Andrew Miller in Oilers zone.
6:06 of 2nd period - Tyler Bozak is hit by Kyle Clifford.
6:23 of 2nd period - Shot by Antoine Vermette.
6:23 of 2nd period - Stopped by Jonathan Quick with a rebound.
6:25 of 2nd period - Shot by Marco Scandella.
6:25 of 2nd period - Shot Blocked by Thomas Hickey.
6:27 of 2nd period - Shot by Marco Scandella.
6:27 of 2nd period - Stopped by Jonathan Quick without a rebound.
6:28 of 2nd period - Drew Miller wins face-off versus Mike Cammalleri in Flames zone.
7:09 of 2nd period - Off-side.
7:10 of 2nd period - Bobby Ryan wins face-off versus Ryan Kesler in neutral zone.
7:48 of 2nd period - Icing by Marc Methot.
7:49 of 2nd period - Ryan Kesler wins face-off versus Andrew Miller in Oilers zone.
7:55 of 2nd period - Marco Scandella is hit by Kyle Clifford and loses puck.
8:14 of 2nd period - Shot by Matt Cullen.
8:14 of 2nd period - Shot Misses the Net.
9:21 of 2nd period - Shot by Mike Cammalleri.
9:21 of 2nd period - Stopped by Kari Lehtonen with a rebound.
9:35 of 2nd period - Shot by Alex Tanguay.
9:35 of 2nd period - Stopped by Kari Lehtonen with a rebound.
9:45 of 2nd period - Shot by Alex Tanguay.
9:45 of 2nd period - Shot Misses the Net.
9:47 of 2nd period - Shot by Alex Tanguay.
9:47 of 2nd period - Stopped by Kari Lehtonen without a rebound.
9:48 of 2nd period - Justin Williams wins face-off versus Andrew Miller in Oilers zone.
9:48 of 2nd period - Justin Williams is hit by Kyle Clifford.
9:51 of 2nd period - Tyler Bozak is hit by Kyle Clifford and loses puck.
10:04 of 2nd period - Shot by Matt Cullen.
10:04 of 2nd period - Shot Misses the Net.
10:06 of 2nd period - Shot by Andrew MacDonald.
10:06 of 2nd period - Shot Misses the Net.
10:08 of 2nd period - Shot by Kyle Clifford.
10:08 of 2nd period - Shot Blocked by Tyler Bozak.
10:14 of 2nd period - Shot by Andrew Miller.
10:14 of 2nd period - Shot Blocked by Marc-Edouard Vlasic.
10:15 of 2nd period - Minor Penalty to Brian Campbell for Hooking.
10:16 of 2nd period - Tyler Bozak wins face-off versus Bobby Ryan in Oilers zone.
10:59 of 2nd period - Icing by Jared Spurgeon.
11:00 of 2nd period - Bobby Ryan wins face-off versus Nail Yakupov in Flames zone.
11:17 of 2nd period - Shot by Nail Yakupov.
11:17 of 2nd period - Shot Misses the Net.
11:32 of 2nd period - Off-side.
11:33 of 2nd period - Mike Cammalleri wins face-off versus Tyler Bozak in neutral zone.
11:40 of 2nd period - Shot by Mike Cammalleri.
11:40 of 2nd period - Shot Misses the Net.
11:42 of 2nd period - Shot by Patrik Elias.
11:42 of 2nd period - Shot Misses the Net.
11:44 of 2nd period - Shot by Justin Faulk.
11:44 of 2nd period - Stopped by Kari Lehtonen with a rebound.
11:46 of 2nd period - Shot by Patrik Elias.
11:46 of 2nd period - Stopped by Kari Lehtonen with a rebound.
11:48 of 2nd period - Shot by Erik Johnson.
11:48 of 2nd period - Shot Misses the Net.
11:50 of 2nd period - Shot by Erik Johnson.
11:50 of 2nd period - Shot Misses the Net.
11:52 of 2nd period - Shot by Justin Faulk.
11:52 of 2nd period - Stopped by Kari Lehtonen with a rebound.
11:58 of 2nd period - Shot by Erik Johnson.
11:58 of 2nd period - Stopped by Kari Lehtonen with a rebound.
12:43 of 2nd period - Bo Horvat is hit by Thomas Hickey and loses puck.
13:12 of 2nd period - Shot by Patrik Elias.
13:12 of 2nd period - Deflect By Mike Cammalleri.
13:12 of 2nd period - Goal by Mike Cammalleri - Oilers : 1 - Flames : 1.
13:13 of 2nd period - Ryan Kesler wins face-off versus Bobby Ryan in neutral zone.
13:18 of 2nd period - Shot by Gabriel Landeskog.
13:18 of 2nd period - Stopped by Jonathan Quick with a rebound.
13:24 of 2nd period - Ryan Kesler is hit by Bobby Ryan and loses puck.
13:30 of 2nd period - Icing by Marc Methot.
13:31 of 2nd period - Ryan Kesler wins face-off versus Mike Cammalleri in Oilers zone.
13:40 of 2nd period - Shot by Ryan Kesler.
13:40 of 2nd period - Shot Misses the Net.
14:03 of 2nd period - Off-side.
14:04 of 2nd period - Tyler Bozak wins face-off versus Bobby Ryan in neutral zone.
14:07 of 2nd period - Jared Spurgeon is hit by Tyler Bozak and loses puck.
14:20 of 2nd period - Shot by Mason Raymond.
14:20 of 2nd period - Stopped by Kari Lehtonen without a rebound.
14:21 of 2nd period - Aleksander Barkov wins face-off versus Kyle Clifford in Oilers zone.
14:33 of 2nd period - Off-side.
14:34 of 2nd period - Bobby Ryan wins face-off versus Tyler Bozak in neutral zone.
16:24 of 2nd period - Scottie Upshall is hit by Jack Johnson and loses puck.
17:03 of 2nd period - Off-side.
17:04 of 2nd period - Tyler Bozak wins face-off versus Andrew Miller in neutral zone.
17:13 of 2nd period - Shot by Tyler Bozak.
17:13 of 2nd period - Stopped by Jonathan Quick without a rebound.
17:14 of 2nd period - Tyler Bozak wins face-off versus Andrew Miller in Flames zone.
17:31 of 2nd period - Shot by Matt Cullen.
17:31 of 2nd period - Shot Misses the Net.
17:34 of 2nd period - Icing by Antoine Vermette.
17:35 of 2nd period - Bobby Ryan wins face-off versus Justin Williams in Oilers zone.
17:38 of 2nd period - Shot by Alex Tanguay.
17:38 of 2nd period - Stopped by Kari Lehtonen without a rebound.
17:38 of 2nd period - Minor Penalty to Kari Lehtonen for Slashing.
17:39 of 2nd period - Ryan Kesler wins face-off versus Bobby Ryan in Oilers zone.
17:50 of 2nd period - Shot by Justin Faulk.
17:50 of 2nd period - Stopped by Kari Lehtonen without a rebound.
17:51 of 2nd period - Bobby Ryan wins face-off versus Ryan Kesler in Oilers zone.
17:56 of 2nd period - Shot by Erik Johnson.
17:56 of 2nd period - Stopped by Kari Lehtonen without a rebound.
17:57 of 2nd period - Ryan Kesler wins face-off versus Bobby Ryan in Oilers zone.
18:08 of 2nd period - Shot by Alex Tanguay.
18:08 of 2nd period - Stopped by Kari Lehtonen without a rebound.
18:09 of 2nd period - Ryan Kesler wins face-off versus Mike Cammalleri in Oilers zone.
18:24 of 2nd period - Shot by Mike Cammalleri.
18:24 of 2nd period - Shot Misses the Net.
18:26 of 2nd period - Shot by Ryane Clowe.
18:26 of 2nd period - Stopped by Kari Lehtonen without a rebound.
18:27 of 2nd period - Tyler Bozak wins face-off versus Bobby Ryan in Oilers zone.
18:27 of 2nd period - Tyler Bozak is hit by Bobby Ryan.
18:55 of 2nd period - Shot by Jack Johnson.
18:55 of 2nd period - Shot Misses the Net.
18:57 of 2nd period - Shot by Jared Spurgeon.
18:57 of 2nd period - Shot Misses the Net.
19:03 of 2nd period - Shot by Alex Tanguay.
19:03 of 2nd period - Stopped by Kari Lehtonen without a rebound.
19:04 of 2nd period - Ryane Clowe wins face-off versus Tyler Bozak in Oilers zone.
19:05 of 2nd period - Shot by Erik Johnson.
19:05 of 2nd period - Stopped by Kari Lehtonen without a rebound.
19:06 of 2nd period - Mike Cammalleri wins face-off versus Tyler Bozak in Oilers zone.
19:19 of 2nd period - Shot by Justin Faulk.
19:19 of 2nd period - Shot Blocked by Kyle Quincey.
19:21 of 2nd period - Shot by Ryane Clowe.
19:21 of 2nd period - Shot Misses the Net.
19:23 of 2nd period - Shot by Justin Faulk.
19:23 of 2nd period - Shot Misses the Net.
19:25 of 2nd period - Shot by Erik Johnson.
19:25 of 2nd period - Stopped by Kari Lehtonen without a rebound.
19:26 of 2nd period - Ryan Kesler wins face-off versus Bobby Ryan in Oilers zone.
Goals for this period are 1 for Oilers vs 1 for Flames.
Shots for this period are 5 for Oilers vs 20 for Flames.

3rd period


0:01 of 3rd period - Ryan Kesler wins face-off versus Bobby Ryan in neutral zone.
0:16 of 3rd period - Erik Johnson is hit by Ryan Kesler and loses puck.
1:31 of 3rd period - Icing by Mike Cammalleri.
1:32 of 3rd period - Ryane Clowe wins face-off versus Aleksander Barkov in Flames zone.
2:11 of 3rd period - Icing by Thomas Hickey.
2:12 of 3rd period - Ryan Kesler wins face-off versus Andrew Miller in Flames zone.
2:13 of 3rd period - Shot by Marc-Edouard Vlasic.
2:13 of 3rd period - Stopped by Jonathan Quick without a rebound.
2:14 of 3rd period - Gabriel Landeskog wins face-off versus Bobby Ryan in Flames zone.
2:46 of 3rd period - Erik Johnson is hit by Gabriel Landeskog and loses puck.
2:54 of 3rd period - Marc-Edouard Vlasic is hit by Alex Tanguay and loses puck.
3:23 of 3rd period - Icing by Jack Johnson.
3:24 of 3rd period - Mike Cammalleri wins face-off versus Aleksander Barkov in Flames zone.
3:37 of 3rd period - Shot by Ryane Clowe.
3:37 of 3rd period - Deflect By Mike Cammalleri.
3:37 of 3rd period - Shot Misses the Net.
3:57 of 3rd period - Aleksander Barkov is hit by Ryane Clowe and loses puck.
4:25 of 3rd period - Icing by Marc Methot.
4:26 of 3rd period - Andrew Miller wins face-off versus Antoine Vermette in Oilers zone.
4:34 of 3rd period - Icing by Marc Methot.
4:35 of 3rd period - Tyler Bozak wins face-off versus Bobby Ryan in Oilers zone.
4:37 of 3rd period - Minor Penalty to Bobby Ryan for Interference.
4:38 of 3rd period - Matt Cullen wins face-off versus Ryan Kesler in Flames zone.
5:00 of 3rd period - Icing by Marc Methot.
5:01 of 3rd period - Ryan Kesler wins face-off versus Matt Cullen in Oilers zone.
6:09 of 3rd period - Shot by Marc-Edouard Vlasic.
6:09 of 3rd period - Stopped by Jonathan Quick without a rebound.
6:10 of 3rd period - Tyler Bozak wins face-off versus Alex Tanguay in Flames zone.
6:19 of 3rd period - Shot by Marc-Edouard Vlasic.
6:19 of 3rd period - Shot Blocked by Erik Johnson.
6:35 of 3rd period - Shot by Antoine Vermette.
6:35 of 3rd period - Stopped by Jonathan Quick without a rebound.
6:36 of 3rd period - Tyler Bozak wins face-off versus Mike Cammalleri in Flames zone.
6:56 of 3rd period - Shot by Mike Cammalleri.
6:56 of 3rd period - Stopped by Kari Lehtonen without a rebound.
6:57 of 3rd period - Andrew Miller wins face-off versus Bo Horvat in Oilers zone.
8:47 of 3rd period - Justin Faulk is hit by Marc Methot.
8:54 of 3rd period - Minor Penalty to Bobby Ryan for Slashing.
8:55 of 3rd period - Tyler Bozak wins face-off versus Matt Cullen in Flames zone.
9:31 of 3rd period - Shot by Tyler Bozak.
9:31 of 3rd period - Stopped by Jonathan Quick without a rebound.
9:32 of 3rd period - Matt Cullen wins face-off versus Ryan Kesler in Flames zone.
9:50 of 3rd period - Icing by Gabriel Landeskog.
9:51 of 3rd period - Matt Cullen wins face-off versus Gabriel Landeskog in Oilers zone.
10:46 of 3rd period - Shot by Justin Williams.
10:46 of 3rd period - Stopped by Jonathan Quick with a rebound.
10:48 of 3rd period - Shot by Marc-Edouard Vlasic.
10:48 of 3rd period - Stopped by Jonathan Quick without a rebound.
10:49 of 3rd period - Mike Cammalleri wins face-off versus Ryan Kesler in Flames zone.
11:02 of 3rd period - Shot by Alex Petrovic.
11:02 of 3rd period - Stopped by Jonathan Quick without a rebound.
11:03 of 3rd period - Aleksander Barkov wins face-off versus Mike Cammalleri in Flames zone.
11:22 of 3rd period - Shot by Mike Cammalleri.
11:22 of 3rd period - Stopped by Kari Lehtonen without a rebound.
11:23 of 3rd period - Ryan Kesler wins face-off versus Andrew Miller in Oilers zone.
11:36 of 3rd period - Shot by Ryan Kesler.
11:36 of 3rd period - Shot Blocked by Justin Faulk.
12:34 of 3rd period - Shot by Antoine Vermette.
12:34 of 3rd period - Shot Misses the Net.
12:36 of 3rd period - Shot by Marc Methot.
12:36 of 3rd period - Shot Misses the Net.
12:43 of 3rd period - Icing by Jack Johnson.
12:44 of 3rd period - Aleksander Barkov wins face-off versus Bobby Ryan in Flames zone.
12:47 of 3rd period - Shot by Aleksander Barkov.
12:47 of 3rd period - Stopped by Jonathan Quick without a rebound.
12:48 of 3rd period - Aleksander Barkov wins face-off versus Mike Cammalleri in Flames zone.
12:52 of 3rd period - Icing by Stephane Robidas.
12:53 of 3rd period - Mike Cammalleri wins face-off versus Ryan Kesler in Flames zone.
12:53 of 3rd period - Mike Cammalleri is hit by Gabriel Landeskog.
12:58 of 3rd period - Off-side.
12:59 of 3rd period - Ryan Kesler wins face-off versus Bobby Ryan in neutral zone.
13:22 of 3rd period - Shot by Gabriel Landeskog.
13:22 of 3rd period - Stopped by Jonathan Quick without a rebound.
13:23 of 3rd period - Tyler Bozak wins face-off versus Mike Cammalleri in Flames zone.
13:45 of 3rd period - Mike Cammalleri is hit by Brian Campbell and loses puck.
14:07 of 3rd period - Shot by Mike Cammalleri.
14:07 of 3rd period - Deflect By Ryane Clowe.
14:07 of 3rd period - Stopped by Kari Lehtonen without a rebound.
14:08 of 3rd period - Ryan Kesler wins face-off versus Alex Tanguay in Oilers zone.
14:15 of 3rd period - Shot by Mikkel Boedker.
14:15 of 3rd period - Shot Blocked by Erik Johnson.
14:17 of 3rd period - Shot by Marc Methot.
14:17 of 3rd period - Stopped by Jonathan Quick without a rebound.
14:18 of 3rd period - Ryan Kesler wins face-off versus Alex Tanguay in Flames zone.
14:43 of 3rd period - Shot by Mikkel Boedker.
14:43 of 3rd period - Stopped by Jonathan Quick without a rebound.
14:44 of 3rd period - Tyler Bozak wins face-off versus Patrik Elias in Flames zone.
14:45 of 3rd period - Shot by Justin Williams.
14:45 of 3rd period - Goal by Justin Williams - Oilers : 2 - Flames : 1.
14:46 of 3rd period - Tyler Bozak wins face-off versus Mike Cammalleri in neutral zone.
14:49 of 3rd period - Shot by Antoine Vermette.
14:49 of 3rd period - Shot Blocked by Jared Spurgeon.
15:03 of 3rd period - Shot by Mike Cammalleri.
15:03 of 3rd period - Shot Misses the Net.
15:05 of 3rd period - Shot by Ryane Clowe.
15:05 of 3rd period - Shot Misses the Net.
15:07 of 3rd period - Shot by Ryane Clowe.
15:07 of 3rd period - Stopped by Kari Lehtonen without a rebound.
15:08 of 3rd period - Ryan Kesler wins face-off versus Bobby Ryan in Oilers zone.
15:38 of 3rd period - Icing by Marc Methot.
15:39 of 3rd period - Mike Cammalleri wins face-off versus Ryan Kesler in Oilers zone.
16:23 of 3rd period - Shot by Mike Cammalleri.
16:23 of 3rd period - Stopped by Kari Lehtonen without a rebound.
16:24 of 3rd period - Bobby Ryan wins face-off versus Aleksander Barkov in Oilers zone.
16:29 of 3rd period - Shot by Bobby Ryan.
16:29 of 3rd period - Deflect By Alex Tanguay.
16:29 of 3rd period - Stopped by Kari Lehtonen without a rebound.
16:30 of 3rd period - Tyler Bozak wins face-off versus Bobby Ryan in Oilers zone.
16:50 of 3rd period - Shot by Antoine Vermette.
16:50 of 3rd period - Shot Misses the Net.
16:54 of 3rd period - Shot by Justin Williams.
16:54 of 3rd period - Stopped by Jonathan Quick with a rebound.
18:14 of 3rd period - Aleksander Barkov is hit by Jack Johnson and loses puck.
18:29 of 3rd period - Shot by Drew Miller.
18:29 of 3rd period - Shot Misses the Net.
18:31 of 3rd period - Shot by Kyle Quincey.
18:31 of 3rd period - Shot Blocked by Jared Spurgeon.
18:33 of 3rd period - Shot by Drew Miller.
18:33 of 3rd period - Deflect By Aleksander Barkov.
18:33 of 3rd period - Goal by Aleksander Barkov - Oilers : 3 - Flames : 1.
18:34 of 3rd period - Bo Horvat wins face-off versus Andrew Miller in neutral zone.
19:42 of 3rd period - Minor Penalty to Marc Methot for Boarding.
19:43 of 3rd period - Mike Cammalleri wins face-off versus Ryan Kesler in Oilers zone.
19:52 of 3rd period - Shot by Justin Faulk.
19:52 of 3rd period - Goal by Justin Faulk - Oilers : 3 - Flames : 2.
19:53 of 3rd period - Ryan Kesler wins face-off versus Bobby Ryan in neutral zone.
19:56 of 3rd period - Erik Johnson is hit by Ryan Kesler.
19:57 of 3rd period - Icing by Erik Johnson.
19:58 of 3rd period - Ryan Kesler wins face-off versus Bobby Ryan in Flames zone.
Goals for this period are 2 for Oilers vs 1 for Flames.
Shots for this period are 14 for Oilers vs 7 for Flames.